 Dungeon Crawl Stone Soup version 0.31-a0-164-g2312942fda (webtiles) character file.

Game seed: 15158376756932099711

14286 pokeman the Eclecticist (level 11, -23/62 HPs)
             Began as a Deep Elf Hedge Wizard on June 14, 2023.
             Was a Believer of Vehumet.
             Annihilated by a wolf spider simulacrum (28 damage)
             ... in a Gauntlet.
             The game lasted 00:47:14 (15578 turns).

pokeman the Eclecticist (Deep Elf Hedge Wizard)    Turns: 15578, Time: 00:47:14

Health: -23/62     AC:  8    Str:  7    XL:     11   Next: 86%
Magic:  28/33      EV: 17    Int: 24    God:    Vehumet [**....]
Gold:   130        SH:  5    Dex: 14    Spells: 18/42 levels left

rFire   . . .        M - +2 trident (venom)
rCold   . . .        (no shield)
rNeg    . . .        E - +0 leather armour {rPois}
rPois   +            o - +1 helmet
rElec   .            (no cloak)
rCorr   .            l - +0 pair of gloves
SInv    .            P - +0 pair of boots
Will    +....        v - amulet of reflection
Stlth   ++           R - +5 ring of evasion
HPRegen 0.30/turn    J - ring of wizardry
MPRegen 0.23/turn

%: no teleportation, reflection, wizardry (x1)
@: very slightly contaminated
A: no striking features
a: Renounce Religion


You were in a Gauntlet.
You worshipped Vehumet.
Vehumet was pleased with you.
You visited 2 branches of the dungeon, and saw 13 of its levels.
You also visited: Ossuary and Gauntlet.

You collected 725 gold pieces.
You spent 595 gold pieces at shops.

Inventory:

Hand Weapons
 M - a +2 trident of venom (weapon)
Missiles
 c - 5 curare-tipped darts
Armour
 l - a +0 pair of gloves (worn)
 o - a +1 helmet (worn)
 p - a +2 robe of fire resistance
 E - a +0 leather armour of poison resistance (worn)
 P - a +0 pair of boots (worn)
Jewellery
 h - a ring of resist corrosion
 i - a +6 ring of dexterity
 v - an amulet of reflection (around neck)
 J - a ring of wizardry (right hand)
 L - a ring of flight
 R - a +5 ring of evasion (left hand)
Wands
 N - a wand of polymorph (6)
 O - a wand of mindburst (5)
Scrolls
 e - 11 scrolls of teleportation
 k - a scroll of acquirement {unknown}
 t - 5 scrolls of blinking
 D - a scroll of vulnerability
 F - 2 scrolls of revelation
 K - 2 scrolls of fear {unknown}
Potions
 a - a potion of invisibility
 b - 5 potions of heal wounds
 d - 2 potions of magic
 f - a potion of brilliance
 g - a potion of berserk rage {unknown}
 j - a potion of might
 A - 3 potions of curing


   Skills:
 + Level 4.8 Fighting
 - Level 5.0 Armour
 - Level 3.0 Dodging
 - Level 3.1 Stealth
 * Level 16.1 Spellcasting
 + Level 9.5 Conjurations
 - Level 7.0 Summonings
 - Level 1.0 Necromancy
 - Level 1.1 Translocations
 + Level 5.2 Fire Magic
 - Level 1.0 Ice Magic
 - Level 1.0 Air Magic
 - Level 1.3 Poison Magic
 - Level 1.0 Evocations


You had 18 spell levels left.
You knew the following spells:

 Your Spells              Type           Power      Damage    Failure   Level
a - Magic Dart            Conj           100%       1d8       1%          1
b - Mephitic Cloud        Conj/Pois/Air  38%        N/A       1%          3
c - Call Imp              Summ           100%       N/A       1%          2
d - Blink                 Tloc           48%        N/A       1%          2
e - Foxfire               Conj/Fire      100%       2x1d9     1%          1
f - Summon Ice Beast      Ice/Summ       38%        N/A       3%          4
g - Plasma Beam           Fire/Air       17%        2x1d28    52%         6
h - Arcjolt               Conj/Air       22%        1d32      4%          5

Your spell library contained the following spells:

 Spells                   Type           Power      Damage    Failure   Level
 Static Discharge         Conj/Air       88%        2-6/arc   1%          2
 Slow                     Hex            76%        N/A       1%          1
 Cigotuvi's Dreadful Rot  Necr/Pois/Air  48%        N/A       1%          2
 Lesser Beckoning         Tloc           48%        N/A       1%          2
 Momentum Strike          Conj/Tloc      90%        3d10      1%          2
 Frozen Ramparts          Ice            48%        1d8       3%          3
 Gell's Gravitas          Tloc           24%        N/A       3%          3
 Teleport Other           Tloc           24%        N/A       3%          3
 Vhi's Electric Charge    Tloc/Air       48%        N/A       3%          3
 Ice Form                 Ice/Tmut       21%        N/A       13%         4
 Dispersal                Tloc           12%        N/A       80%         6


Dungeon Overview and Level Annotations

Branches:
Dungeon (12/15)            Temple (1/1) D:7            Lair (0/5) D:9
    Orc (0/2) D:10        Ossuary (visited)         Gauntlet (1/1)

Altars:
Ashenzari
Cheibriados
Dithmenos
Elyvilon
Fedhas
Gozag
Hepliaklqana
Kikubaaqudgha
Makhleb
Nemelex Xobeh
Okawaru
Qazlal
Ru
Sif Muna
Trog
Uskayaw
Vehumet
Wu Jian
Xom
Yredelemnul
Zin
The Shining One

Shops:
D:1 ?=*   D:2 *?:   D:5 :   D:11 *

Annotations:
D:7 3 runed translucent doors, cforsyth's ghost, novice FeSu
D:10 Scrolls behind grate Gauntlet 15 transporters, 21 runed translucent doors


Message History

The ufetubus completely misses you. The ufetubus misses you.
You hit the ufetubus.
The ufetubus is poisoned.
The ufetubus is severely wounded.
You kill the ufetubus!
Vehumet accepts your kill.
There is a transporter landing site here.
HP restored.
There is a transporter landing site here.
k - a scroll labelled GAIHAPH WISTROY
There is a transporter landing site here.
There is a transporter here.
You enter the transporter and appear at another place.
The jumping spider's many legs skitter faintly.
The wolf spider's many legs skitter.
There is a transporter here.
Press: ? - help, v - describe, . - travel
Here: a wyvern simulacrum (fire blocked by a translucent stone wall)
The floor.
Unknown command.
Unknown command.
You enter the transporter and appear at another place.
Unknown command.
The wolf spider simulacrum hits you!
The wolf spider simulacrum freezes you!!
The wolf spider simulacrum bites you. The wolf spider simulacrum freezes you!
* * * LOW HITPOINT WARNING * * *
Press: ? - help, v - describe, . - travel
Here: a wolf spider simulacrum A transporter landing site.
Unknown command.
Casting: Mephitic Cloud (safe; 1% risk of failure)
Confirm with . or Enter, or press ? or * to list all spells.
You miscast Arcjolt.
You are very lightly contaminated with residual magic.
Nothing appears to happen.
The wolf spider simulacrum closely misses you.
The wolf spider simulacrum bites you.
* * * LOW HITPOINT WARNING * * *
The wolf spider simulacrum freezes you!!
You die...

#8# #8# #8# #8# #...# #8
###################.∩.#####
#≈.........................
###...................©......
#8#..###########.###########.
###..#.##.##...#.#..##.....#.
#....#.#..##Z.##.#)##.###..#.
###....#.###.Z.###.#.#.##.##.#.
#8#..###(##.##@..#.#.#.#.#.#.#.
###..#©#©...##.###.#.#.#©#.#.#.
#..#.#.##....###.#.#.#.#.#.#. #
###..#.#=##.###..#.#.##.##.#.#. #
#8#..#.#.Z.#.#..##.#..###.##.#.
#####..#.#.##..Z.###.#.....##©##.
.......#.########################
.......#.#§≈8≈≈#©.........©......
########.########################


You could see a wyvern simulacrum, a wolf spider simulacrum and a centaur
warrior simulacrum.

Vanquished Creatures
  Erica (D:8)
  4 two-headed ogres
  A sixfirhy (Gauntlet)
  A manticore (D:12)
  Joseph (D:9)
  Psyche (D:8)
  A kobold demonologist (D:11)
  2 trolls
  Prince Ribbit (D:8)
  2 wyverns
  2 wraiths (Ossuary)
  23 yaks
  3 steam dragons
  An acid dragon (D:9)
  3 water moccasins
  4 orc warriors
  A sky beast (D:7)
  An ice beast (D:5)
  An ogre (D:4)
  A centaur (D:6)
  2 kobold brigands
  4 bullfrogs
  A gnoll sergeant (D:11)
  2 scorpions
  6 wights
  3 killer bees (D:9)
  6 howler monkeys
  2 electric eels (D:6)
  4 hounds
  9 orc priests
  A jelly (D:5)
  2 sleepcaps
  Jessica (D:2)
  2 iguanas (D:6)
  Terence (D:2)
  14 orc wizards
  3 gnolls (D:11)
  5 adders
  A shadow imp (D:6)
  7 white imps
  4 ufetubi (Gauntlet)
  An adder zombie (Ossuary)
  3 dart slugs
  47 orcs
  6 bats
  9 endoplasms
  3 giant cockroaches
  2 goblins
  9 hobgoblins
  9 jackals
  9 kobolds
  3 quokkas
  6 ball pythons
  A ball python skeleton (Ossuary)
  4 frilled lizards
  2 hobgoblin skeletons (Ossuary)
  2 orc zombies (Ossuary)
  3 rats
254 creatures vanquished.

Vanquished Creatures (collateral kills)
  A two-headed ogre (D:11)
  A wraith (D:11)
  2 yaks (D:5)
  2 wights
  A sleepcap (D:4)
  An orc (D:7)
8 creatures vanquished.

Vanquished Creatures (others)
  4 electric eels (D:6)
  206 foxfires
210 creatures vanquished.

Grand Total: 472 creatures vanquished

Notes
Turn   | Place    | Note
-------+----------+-------------------------------------------
     0 | D:1      | pokeman the Deep Elf Hedge Wizard began the quest for the
                  | Orb.
     0 | D:1      | Reached XP level 1. HP: 10/10 MP: 7/7
    30 | D:1      | Found Reyth's Jewellery Shop.
   396 | D:1      | Reached XP level 2. HP: 15/15 MP: 6/9
   550 | D:1      | Found Ymeatwyv's Assorted Antiques.
   810 | D:1      | Found Pyzaz's Magic Scroll Shop.
  1133 | D:1      | Reached skill level 5 in Spellcasting
  1189 | D:2      | Found Qeon's General Store.
  1227 | D:2      | Found Ynash's Magic Scroll Shoppe.
  1337 | D:2      | Noticed Jessica
  1338 | D:2      | Noticed Terence
  1342 | D:2      | Found Xuvolax's Book Shop.
  1407 | D:2      | Reached XP level 3. HP: 17/20 MP: 2/11
  1427 | D:2      | Learned a level 3 spell: Mephitic Cloud
  1430 | D:2      | Learned a level 2 spell: Call Imp
  1433 | D:2      | Learned a level 2 spell: Blink
  1559 | D:2      | Killed Terence
  1560 | D:2      | Reached skill level 1 in Fighting
  1560 | D:2      | Reached skill level 1 in Armour
  1703 | D:2      | Killed Jessica
  1704 | D:2      | Reached XP level 4. HP: 25/25 MP: 0/13
  1967 | D:2      | Found a faded altar of an unknown god.
  2654 | D:3      | Reached skill level 6 in Spellcasting
  2654 | D:3      | Reached XP level 5. HP: 9/29 MP: 5/15
  2830 | D:3      | Found a broken altar of Ashenzari.
  3125 | D:3      | Found a hazy altar of Hepliaklqana.
  3261 | D:3      | Found a sacrificial altar of Ru.
  4125 | D:4      | Reached skill level 1 in Air Magic
  4187 | D:4      | Noticed an ogre
  4194 | D:4      | Killed an ogre
  4195 | D:4      | Reached skill level 1 in Poison Magic
  4195 | D:4      | Reached XP level 6. HP: 34/34 MP: 10/17
  4573 | D:5      | Entered Level 5 of the Dungeon
  4605 | D:5      | Noticed a water moccasin
  4615 | D:5      | Killed a water moccasin
  4616 | D:5      | Reached skill level 7 in Spellcasting
  4739 | D:5      | Noticed a walking crystal tome
  4750 | D:5      | Found Zuawnao's Book Shoppe.
  4750 | D:5      | Noticed a walking earthen tome
  4835 | D:5      | Noticed an orc warrior
  5064 | D:5      | Reached XP level 7. HP: 34/39 MP: 15/20
  5195 | D:5      | Noticed a yak
  5200 | D:5      | HP: 1/39 [yak (6)]
  5213 | D:5      | Noticed a yak
  5213 | D:5      | Noticed a yak
  5214 | D:5      | Noticed a yak
  5223 | D:5      | HP: 1/40 [adder (4)]
  5426 | D:5      | Reached skill level 8 in Spellcasting
  5479 | D:5      | Found a snail-covered altar of Cheibriados.
  5825 | D:5      | Killed a yak
  5836 | D:5      | Killed a yak
  5837 | D:5      | Reached skill level 9 in Spellcasting
  5837 | D:5      | Reached XP level 8. HP: 37/44 MP: 6/23
  5846 | D:5      | Reached skill level 5 in Conjurations
  6100 | D:5      | Found a basalt altar of Yredelemnul.
  6177 | D:5      | Found a hide-covered altar of Uskayaw.
  6271 | D:6      | You fall into a shaft and drop 1 floor!
  6314 | D:7      | Found a sand-covered staircase.
  6318 | Ossuary  | Entered an ossuary
  6602 | Ossuary  | Reached skill level 10 in Spellcasting
  6642 | Ossuary  | Noticed a flying skull
  6655 | Ossuary  | Noticed a flying skull
  6677 | Ossuary  | Noticed a flying skull
  6762 | Ossuary  | Noticed a flying skull
  7259 | D:6      | Reached XP level 9. HP: 37/49 MP: 20/25
  7362 | D:6      | Found a burning altar of Makhleb.
  7418 | D:6      | Reached skill level 5 in Summonings
  7464 | D:6      | Reached skill level 11 in Spellcasting
  8071 | D:6      | Reached skill level 1 in Necromancy
  8071 | D:6      | Reached skill level 1 in Evocations
  8180 | D:6      | Noticed a troll
  8203 | D:6      | Killed a troll
  8956 | D:7      | Found a runed translucent gate.
  8956 | D:7      | Found a runed translucent gate.
  8956 | D:7      | Found a runed translucent gate.
  8961 | D:7      | Identified the +1 chain mail of Inevitability {Str+5}
  8962 | D:7      | Noticed cforsyth's ghost (novice FeSu)
  9013 | D:7      | Reached skill level 12 in Spellcasting
  9617 | D:7      | Found a staircase to the Ecumenical Temple.
  9626 | Temple   | Entered the Ecumenical Temple
  9786 | Temple   | Became a worshipper of Vehumet
 10168 | D:8      | Found a glowing golden altar of the Shining One.
 10310 | D:8      | Noticed a two-headed ogre
 10334 | D:8      | Killed a two-headed ogre
 10335 | D:8      | Reached XP level 10. HP: 41/56 MP: 17/28
 10404 | D:8      | Noticed Prince Ribbit
 10414 | D:8      | Killed Prince Ribbit
 10434 | D:8      | Noticed Erica
 10452 | D:8      | Killed Erica
 10453 | D:8      | Reached skill level 13 in Spellcasting
 10785 | D:8      | Learned a level 4 spell: Summon Ice Beast
 11194 | D:8      | Reached * piety under Vehumet
 11194 | D:8      | Offered knowledge of Foxfire by Vehumet.
 11205 | D:8      | Learned a level 1 spell: Foxfire
 11267 | D:8      | Noticed Psyche
 11279 | D:8      | Killed Psyche
 11747 | D:9      | Noticed Joseph
 11777 | D:9      | Killed Joseph
 11862 | D:9      | Reached skill level 1 in Fire Magic
 11862 | D:9      | Reached skill level 1 in Ice Magic
 11886 | D:9      | Found a staircase to the Lair.
 11950 | D:9      | Reached skill level 14 in Spellcasting
 12196 | D:9      | Reached XP level 11. HP: 52/61 MP: 29/31
 12337 | D:10     | Entered Level 10 of the Dungeon
 12663 | D:10     | Found a staircase to the Orcish Mines.
 12757 | D:10     | Noticed a two-headed ogre
 12786 | D:10     | Killed a two-headed ogre
 12914 | D:10     | Found a sparkling altar of Nemelex Xobeh.
 12914 | D:10     | Found an opulent altar of Gozag.
 12931 | D:10     | Noticed a two-headed ogre
 12942 | D:10     | Killed a two-headed ogre
 13092 | D:10     | Reached ** piety under Vehumet
 13092 | D:10     | Offered knowledge of Freeze by Vehumet.
 13168 | D:10     | Noticed a two-headed ogre
 13179 | D:10     | Killed a two-headed ogre
 13180 | D:10     | Reached skill level 15 in Spellcasting
 13241 | D:10     | Found a glowing silver altar of Zin.
 13294 | D:10     | Identified the +0 leather armour of Darkness {rF+}
 13562 | D:1      | Bought a scroll of identify for 28 gold pieces
 13562 | D:1      | Bought a scroll of identify for 28 gold pieces
 13562 | D:1      | Bought a scroll of teleportation for 42 gold pieces
 13562 | D:1      | Bought a scroll of identify for 28 gold pieces
 13562 | D:1      | Bought a scroll of noise for 14 gold pieces
 13602 | D:1      | Bought a fizzy green potion for 19 gold pieces
 13602 | D:1      | Bought a scroll of teleportation for 66 gold pieces
 13602 | D:1      | Bought a scroll of teleportation for 66 gold pieces
 13602 | D:1      | Bought a viscous brown potion for 19 gold pieces
 13620 | D:2      | Bought a scroll of teleportation for 39 gold pieces
 13620 | D:2      | Bought a scroll of identify for 26 gold pieces
 13620 | D:2      | Bought a scroll of blinking for 97 gold pieces
 13620 | D:2      | Bought a scroll of revelation for 97 gold pieces
 14012 | D:11     | Reached skill level 5 in Armour
 14155 | D:11     | Found Ryisefabb's Assorted Antiques.
 14160 | D:11     | Bought a fizzy puce potion for 26 gold pieces
 14201 | D:11     | Learned a level 6 spell: Plasma Beam
 14248 | D:11     | Noticed a two-headed ogre
 14263 | D:11     | Killed a two-headed ogre
 14553 | D:11     | Offered knowledge of Static Discharge by Vehumet.
 15066 | D:12     | Reached skill level 16 in Spellcasting
 15066 | D:12     | Reached skill level 5 in Fire Magic
 15066 | D:12     | Found a gate leading to a gauntlet.
 15075 | Gauntlet | Entered a Gauntlet
 15075 | Gauntlet | Found a transporter.
 15087 | Gauntlet | Found a transporter.
 15089 | Gauntlet | Found a transporter.
 15089 | Gauntlet | Noticed a sixfirhy
 15090 | Gauntlet | Noticed an entropy weaver
 15104 | Gauntlet | Found a transporter.
 15118 | Gauntlet | Found a transporter.
 15126 | Gauntlet | Found a transporter.
 15141 | Gauntlet | Found a transporter.
 15153 | Gauntlet | Noticed a ghost crab
 15160 | Gauntlet | Found a transporter.
 15190 | Gauntlet | Found a transporter.
 15191 | Gauntlet | Noticed a wolf spider
 15218 | Gauntlet | Found a large runed translucent door.
 15219 | Gauntlet | Found a large runed translucent door.
 15220 | Gauntlet | Found a large runed translucent door.
 15220 | Gauntlet | Found a large runed translucent door.
 15221 | Gauntlet | Found a runed translucent gate.
 15222 | Gauntlet | Found a transporter.
 15222 | Gauntlet | Found a runed translucent gate.
 15223 | Gauntlet | Found a runed translucent gate.
 15224 | Gauntlet | Found a large runed translucent door.
 15224 | Gauntlet | Found a large runed translucent door.
 15224 | Gauntlet | Found a runed translucent door.
 15224 | Gauntlet | Found a runed translucent door.
 15225 | Gauntlet | Found a large runed translucent door.
 15226 | Gauntlet | Found a large runed translucent door.
 15228 | Gauntlet | Found a transporter.
 15236 | Gauntlet | Found a large runed translucent door.
 15236 | Gauntlet | Found a large runed translucent door.
 15237 | Gauntlet | Found a large runed translucent door.
 15238 | Gauntlet | Found a large runed translucent door.
 15242 | Gauntlet | Noticed a sixfirhy
 15243 | Gauntlet | Noticed a sixfirhy
 15246 | Gauntlet | Found a transporter.
 15247 | Gauntlet | Found a large runed translucent door.
 15247 | Gauntlet | Found a large runed translucent door.
 15248 | Gauntlet | Found a large runed translucent door.
 15249 | Gauntlet | Found a large runed translucent door.
 15251 | Gauntlet | Found a transporter.
 15268 | Gauntlet | Found a transporter.
 15275 | Gauntlet | Found a transporter.
 15286 | Gauntlet | Noticed a catoblepas
 15322 | Gauntlet | Found a transporter.
 15347 | Gauntlet | Found a transporter.
 15349 | Gauntlet | Found a transporter.
 15387 | Gauntlet | Learned a level 5 spell: Arcjolt
 15410 | Gauntlet | Killed a sixfirhy
 15578 | Gauntlet | Annihilated by a wolf spider simulacrum

Illustrated notes

Levels and vault maps discovered:
D:1:      dpeg_arrival_solitude, layout_loops_ring, serial_shops, shop,
          nicolae_shop_trees, shop
D:2:      layout_basic, serial_shops, shop, nicolae_shop_tiny_glass, shop,
          chequers_ecumenical_altar_simple, uniq_jessica, uniq_terence
D:3:      layout_basic, ashenzari_conservatory_becter,
          mainiacjoe_overflow_24_doors, marbit_many_paths
D:4:      layout_basic
D:5:      layout_loops_cross, mainiacjoe_overflow_concentric_impassable,
          eat_drink_and_be_merry_uskayaw, kennysheep_mini_moat, serial_shops,
          nicolae_shop_mannequins, kennysheep_generic_room_11
D:6:      cheibrodos_two_vegetables, layout_basic, makhleb_heckhound_becter
D:7:      layout_gridville, temple_fountains, nicolae_ossuary_entry_plus,
          biasface_ghost_orc_armoury, chequers_mini_garden
D:8:      layout_loops_corners, mainiacjoe_overflow_six_doors_small,
          sigmund_army, uniq_psyche, uniq_erica, uniq_prince_ribbit1
D:9:      layout_basic, lair_entry_dummy, uniq_joseph
D:10:     layout_roguey, zin_scriptorium, grunt_temple_overflow_opulence,
          hiddenorc1_lemuel
D:11:     layout_basic, serial_shops, nicolae_shop_hallway_plus
D:12:     layout_loops_corners, gauntlet_entry_generic, patterned_corridor
Temple:   minmay_temple_curvy_loop
Gauntlet: gammafunk_gauntlet_one_two_three [gammafunk_gauntlet_arena_spirals,
          gammafunk_gauntlet_arena_crates, nicolae_gauntlet_arena_t_cross,
          nicolae_gauntlet_arena_quarters, nicolae_gauntlet_arena_flowing_pool,
          nicolae_gauntlet_arena_x, minmay_gauntlet_arena_make_your_own_arena,
          gammafunk_gauntlet_arena_teeth, gammafunk_gauntlet_arena_corners,
          gauntlet_exit_watery]

Skill      XL: |  1  2  3  4  5  6  7  8  9 10 11 |
---------------+----------------------------------+-----
Spellcasting   | 5 6 7 9 10 12 14 16 | 16.1
Fighting       | 1 2 4 |  4.8
Armour         | 1 2 3 4 5 |  5.0
Conjurations   | 2 3 4 5 7 8 9 |  9.5
Dodging        | 3 |  3.0
Stealth        | 3 |  3.1
Air Magic      | 1 |  1.0
Poison Magic   | 1 |  1.3
Summonings     | 3 4 6 7 |  7.0
Necromancy     | 1 |  1.0
Evocations     | 1 |  1.0
Fire Magic     | 2 5 |  5.2
Ice Magic      | 1 |  1.0
Translocations | |  1.1

Action                     |  1- 3 |  4- 6 |  7- 9 | 10-12 || total
---------------------------+-------+-------+-------+-------++-------
  Melee: Dagger            |    49 |       |       |       ||    49
         Morningstar       |     1 |    39 |   152 |       ||   192
         Punch             |       |     2 |     2 |     2 ||     6
         Trident           |       |       |    20 |   206 ||   226
   Cast: Magic Dart        |    97 |   143 |   237 |    46 ||   523
         Mephitic Cloud    |     2 |     9 |    40 |    47 ||    98
         Call Imp          |     2 |     5 |    24 |       ||    31
         Blink             |       |       |     7 |     4 ||    11
         Foxfire           |       |       |       |   115 ||   115
         Summon Ice Beast  |       |       |       |    10 ||    10
  Evoke: Wand              |       |       |       |     5 ||     5
    Use: Scroll            |       |       |       |    18 ||    18
   Stab: Confused          |     3 |       |    23 |    21 ||    47
         Sleeping          |       |       |     4 |       ||     4
         Paralysed         |       |       |       |    11 ||    11
 Armour: Robe              |    15 |    17 |    49 |     8 ||    89
         Leather armour    |       |       |       |    25 ||    25
  Dodge: Dodged            |    48 |    33 |   139 |   116 ||   336
  Block: Other             |       |       |    42 |    30 ||    72
         Reflection        |       |       |       |     1 ||     1

Table legend: (Time is in decaauts)
 A = Elapsed time spent in this place.
 B = Non-inter-level travel time spent in this place.
 C = Inter-level travel time spent in this place.
 D = Time resting spent in this place.
 E = Time spent auto-exploring this place.
 F = Levels seen in this place.
 G = Mean time per level.
                   A        B        C        D        E       F      G
               +--------+--------+--------+--------+--------+-----+--------+
         Total |  15790 |  14872 |    918 |    940 |  10796 |  15 | 1052.7 |
       Dungeon |  14148 |  13261 |    887 |    640 |  10253 |  12 | 1179.0 |
        Temple |    219 |    188 |     31 |      0 |    152 |   1 |  219.0 |
       Ossuary |    916 |    916 |      0 |    300 |    285 |   1 |  916.0 |
      Gauntlet |    506 |    506 |      0 |      0 |    106 |   1 |  506.0 |
               +--------+--------+--------+--------+--------+-----+--------+

Top non-repeatable levels by time:
     D:8: 1717 daAuts
     D:6: 1633 daAuts
     D:5: 1533 daAuts
     D:2: 1433 daAuts
     D:1: 1307 daAuts
     D:7: 1285 daAuts
     D:3: 1277 daAuts
    D:10: 1081 daAuts
    D:11: 1057 daAuts
     D:4: 1042 daAuts
 Ossuary: 916 daAuts
     D:9: 710 daAuts
Gauntlet: 506 daAuts
  Temple: 219 daAuts
    D:12: 69 daAuts
